% Time on Ice - BOISE CARIBOUS
Lines # - Real PCT - Wanted PCT - Time Play
Normal Forward
1 - 32% - 33% - 16:33
2 - 31% - 32% - 16:09
3 - 24% - 25% - 12:28
4 - 13% - 10% - 6:54
Normal Defense
1 - 36% - 36% - 18:55
2 - 35% - 36% - 18:26
3 - 28% - 28% - 14:43
4 - 0% - 0% - 0:00
PP Forward
1 - 52% - 65% - 3:06
2 - 48% - 35% - 2:51
PP Defense
1 - 52% - 60% - 3:06
2 - 48% - 40% - 2:51
PK Forward
1 - 0% - 50%
2 - 0% - 50%
PK Defense
1 - 0% - 55%
2 - 0% - 45%
PK3 Forward
1 - 0% - 55%
2 - 0% - 45%
PK3 Defense
1 - 0% - 55%
2 - 0% - 45%
44 Forward
1 - 71% - 55% - 1:25
2 - 29% - 45% - 0:34
44 Defense
1 - 63% - 55% - 1:15
2 - 37% - 45% - 0:44
Last Minute Offensive  - 0:00
Last Minute Defensive  - 0:00
Total
Forward - 60:00
Defense - 60:00
% Time on Ice - SALEM BLACK JAYS
Lines # - Real PCT - Wanted PCT - Time Play
Normal Forward
1 - 36% - 36% - 18:56
2 - 31% - 31% - 16:01
3 - 24% - 23% - 12:18
4 - 9% - 10% - 4:49
Normal Defense
1 - 34% - 36% - 17:45
2 - 30% - 31% - 15:50
3 - 30% - 23% - 15:25
4 - 6% - 10% - 3:04
PP Forward
1 - 0% - 55%
2 - 0% - 45%
PP Defense
1 - 0% - 55%
2 - 0% - 45%
PK Forward
1 - 65% - 55% - 3:52
2 - 35% - 45% - 2:05
PK Defense
1 - 63% - 55% - 3:45
2 - 37% - 45% - 2:12
PK3 Forward
1 - 0% - 55%
2 - 0% - 45%
PK3 Defense
1 - 0% - 55%
2 - 0% - 45%
44 Forward
1 - 100% - 55% - 1:59
2 - 0% - 45% - 0:00
44 Defense
1 - 63% - 55% - 1:15
2 - 37% - 45% - 0:44
Last Minute Offensive  - 0:00
Last Minute Defensive  - 0:00
Total
Forward - 60:00
Defense - 60:00
Play-by-Play 1st period 0:01 of 1st period - Dylan Larkin wins face-off versus Vincent Trocheck in neutral zone. 0:01 of 1st period - Mitchell Marner is hit by Vincent Trocheck and loses puck. 0:32 of 1st period - Shot by Vincent Trocheck. 0:32 of 1st period - Shot Misses the Net. 1:02 of 1st period - Barrett Hayton is hit by Vincent Trocheck and loses puck. 1:13 of 1st period - Shot by Barrett Hayton. 1:13 of 1st period - Stopped by Ilya Sorokin with a rebound. 1:28 of 1st period - Charlie Coyle is hit by Scott Mayfield and loses puck. 1:43 of 1st period - Shot by Artturi Lehkonen. 1:43 of 1st period - Stopped by Juuse Saros with a rebound. 1:51 of 1st period - Shot by Artturi Lehkonen. 1:51 of 1st period - Deflect By Jean-Gabriel Pageau. 1:51 of 1st period - Goal by Jean-Gabriel Pageau - BOISE CARIBOUS : 1 - SALEM BLACK JAYS : 0. 1:52 of 1st period - Gabriel Vilardi wins face-off versus Dylan Cozens in neutral zone. 1:55 of 1st period - Dylan Cozens is hit by Gabriel Vilardi and loses puck. 2:29 of 1st period - Shot by Gabriel Vilardi. 2:29 of 1st period - Stopped by Juuse Saros without a rebound. 2:30 of 1st period - Jesperi Kotkaniemi wins face-off versus Mitchell Marner in SALEM BLACK JAYS zone. 2:40 of 1st period - Icing by Joshua Morrissey. 2:41 of 1st period - Dylan Larkin wins face-off versus Jean-Gabriel Pageau in SALEM BLACK JAYS zone. 2:46 of 1st period - Shot by Mitchell Marner. 2:46 of 1st period - Shot Blocked by Rasmus Andersson. 2:56 of 1st period - Shot by Artturi Lehkonen. 2:56 of 1st period - Stopped by Juuse Saros with a rebound. 2:58 of 1st period - Shot by Rasmus Dahlin. 2:58 of 1st period - Shot Misses the Net. 3:10 of 1st period - Shot by Mitchell Marner. 3:10 of 1st period - Shot Blocked by Rasmus Andersson. 3:46 of 1st period - Icing by Marcus Pettersson. 3:47 of 1st period - Gabriel Vilardi wins face-off versus Dylan Cozens in BOISE CARIBOUS zone. 3:56 of 1st period - Shot by Derek Grant. 3:56 of 1st period - Stopped by Ilya Sorokin with a rebound. 3:58 of 1st period - Shot by Scott Mayfield. 3:58 of 1st period - Shot Blocked by Marcus Pettersson. 4:00 of 1st period - Shot by Scott Mayfield. 4:00 of 1st period - Shot Misses the Net. 4:20 of 1st period - Shot by Dylan Cozens. 4:20 of 1st period - Shot Misses the Net. 4:22 of 1st period - Shot by Cody Ceci. 4:22 of 1st period - Deflect By Dylan Cozens. 4:22 of 1st period - Shot Misses the Net. 4:43 of 1st period - Off-side. 4:44 of 1st period - Vincent Trocheck wins face-off versus Mathew Barzal in neutral zone. 4:53 of 1st period - Shot by Matt Duchene. 4:53 of 1st period - Shot Misses the Net. 5:32 of 1st period - Icing by Colin Miller. 5:33 of 1st period - Mathew Barzal wins face-off versus Kirill Marchenko in SALEM BLACK JAYS zone. 5:33 of 1st period - Mathew Barzal is hit by Jesperi Kotkaniemi. 5:54 of 1st period - Kirill Marchenko is hit by Mikko Rantanen and loses puck. 6:06 of 1st period - Off-side. 6:07 of 1st period - Dylan Cozens wins face-off versus Jean-Gabriel Pageau in neutral zone. 6:22 of 1st period - Shot by Dylan Cozens. 6:22 of 1st period - Shot Misses the Net. 6:34 of 1st period - Icing by Scott Mayfield. 6:35 of 1st period - Dylan Cozens wins face-off versus Vincent Trocheck in SALEM BLACK JAYS zone. 6:41 of 1st period - Off-side. 6:42 of 1st period - Vincent Trocheck wins face-off versus Mathew Barzal in neutral zone. 6:47 of 1st period - Shot by Matt Duchene. 6:47 of 1st period - Stopped by Juuse Saros without a rebound. 6:48 of 1st period - Jean-Gabriel Pageau wins face-off versus Mathew Barzal in SALEM BLACK JAYS zone. 7:08 of 1st period - Icing by Olli Maatta. 7:09 of 1st period - Daniel Sprong wins face-off versus Artturi Lehkonen in BOISE CARIBOUS zone. 7:22 of 1st period - Shot by Dylan Cozens. 7:22 of 1st period - Shot Misses the Net. 7:36 of 1st period - Shot by Charlie Coyle. 7:36 of 1st period - Stopped by Juuse Saros without a rebound. 7:37 of 1st period - Matt Duchene wins face-off versus Dylan Larkin in SALEM BLACK JAYS zone. 8:52 of 1st period - Rasmus Dahlin is hit by Barrett Hayton and loses puck. 9:07 of 1st period - Shot by Barrett Hayton. 9:07 of 1st period - Stopped by Ilya Sorokin without a rebound. 9:08 of 1st period - Dylan Cozens wins face-off versus Jesperi Kotkaniemi in BOISE CARIBOUS zone. 9:35 of 1st period - Icing by Dylan Cozens. 9:36 of 1st period - Gabriel Vilardi wins face-off versus Dylan Cozens in SALEM BLACK JAYS zone. 9:48 of 1st period - Rasmus Dahlin is hit by Josh Archibald and loses puck. 10:46 of 1st period - Shot by Mitchell Marner. 10:46 of 1st period - Stopped by Ilya Sorokin without a rebound. 10:47 of 1st period - Vincent Trocheck wins face-off versus Mathew Barzal in BOISE CARIBOUS zone. 10:53 of 1st period - Tim Stutzle is hit by Cody Ceci and loses puck. 11:05 of 1st period - Martin Necas is hit by Dylan DeMelo. 11:53 of 1st period - Mikko Rantanen is hit by Artturi Lehkonen and loses puck. 12:37 of 1st period - Icing by Rasmus Andersson. 12:38 of 1st period - Gabriel Vilardi wins face-off versus Dylan Cozens in BOISE CARIBOUS zone. 12:44 of 1st period - Dylan Cozens is hit by Rasmus Dahlin and loses puck. 13:11 of 1st period - Shot by Dylan Cozens. 13:11 of 1st period - Stopped by Ilya Sorokin without a rebound. 13:12 of 1st period - Vincent Trocheck wins face-off versus Mathew Barzal in BOISE CARIBOUS zone. 13:21 of 1st period - Mathew Barzal is hit by Dylan DeMelo and loses puck. 13:33 of 1st period - Martin Necas is hit by Dylan DeMelo and loses puck. 13:56 of 1st period - Shot by Mathew Barzal. 13:56 of 1st period - Stopped by Ilya Sorokin with a rebound. 14:14 of 1st period - Off-side. 14:15 of 1st period - Jean-Gabriel Pageau wins face-off versus Mitchell Marner in neutral zone. 14:26 of 1st period - Shot by Rasmus Dahlin. 14:26 of 1st period - Stopped by Juuse Saros without a rebound. 14:27 of 1st period - Jesperi Kotkaniemi wins face-off versus Dylan Cozens in SALEM BLACK JAYS zone. 14:42 of 1st period - Shot by Kirill Marchenko. 14:42 of 1st period - Shot Blocked by Matt Benning. 15:29 of 1st period - Dylan Larkin is hit by Phil Kessel and loses puck. 15:51 of 1st period - Mitchell Marner is hit by Jean-Gabriel Pageau and loses puck. 16:10 of 1st period - Shot by Charlie Coyle. 16:10 of 1st period - Goal by Charlie Coyle - BOISE CARIBOUS : 2 - SALEM BLACK JAYS : 0. 16:11 of 1st period - Martin Necas wins face-off versus Gabriel Vilardi in neutral zone. 16:36 of 1st period - Shot by Mathew Barzal. 16:36 of 1st period - Stopped by Ilya Sorokin without a rebound. 16:37 of 1st period - Vincent Trocheck wins face-off versus Dylan Cozens in BOISE CARIBOUS zone. 17:36 of 1st period - Icing by Vincent Trocheck. 17:37 of 1st period - Dylan Larkin wins face-off versus Vincent Trocheck in BOISE CARIBOUS zone. 18:04 of 1st period - Minor Penalty to Mikko Rantanen for Hooking. 18:05 of 1st period - Jean-Gabriel Pageau wins face-off versus Derek Grant in SALEM BLACK JAYS zone. 18:14 of 1st period - Shot by Lawson Crouse. 18:14 of 1st period - Stopped by Juuse Saros without a rebound. 18:15 of 1st period - Jean-Gabriel Pageau wins face-off versus Derek Grant in SALEM BLACK JAYS zone. 18:25 of 1st period - Icing by Moritz Seider. 18:26 of 1st period - Jean-Gabriel Pageau wins face-off versus Derek Grant in BOISE CARIBOUS zone. 18:45 of 1st period - Shot by Moritz Seider. 18:45 of 1st period - Shot Blocked by Joshua Morrissey. 18:47 of 1st period - Shot by Moritz Seider. 18:47 of 1st period - Shot Misses the Net. 19:45 of 1st period - Nick Jensen is hit by Tim Stutzle. Goals for this period are 2 for BOISE CARIBOUS vs 0 for SALEM BLACK JAYS. Shots for this period are 9 for BOISE CARIBOUS vs 7 for SALEM BLACK JAYS. 2nd period 0:01 of 2nd period - Derek Grant wins face-off versus Tim Stutzle in neutral zone. 0:16 of 2nd period - Shot by Scott Mayfield. 0:16 of 2nd period - Shot Blocked by Moritz Seider. 0:56 of 2nd period - Marcus Pettersson is hit by Barrett Hayton and loses puck. 1:38 of 2nd period - Shot by Mathew Barzal. 1:38 of 2nd period - Stopped by Ilya Sorokin without a rebound. 1:39 of 2nd period - Mitchell Marner wins face-off versus Jean-Gabriel Pageau in BOISE CARIBOUS zone. 1:56 of 2nd period - Shot by Dylan Larkin. 1:56 of 2nd period - Stopped by Ilya Sorokin with a rebound. 1:58 of 2nd period - Shot by Mitchell Marner. 1:58 of 2nd period - Stopped by Ilya Sorokin without a rebound. 1:59 of 2nd period - Vincent Trocheck wins face-off versus Dylan Cozens in BOISE CARIBOUS zone. 1:59 of 2nd period - Tim Stutzle is hit by Derek Grant and loses puck. 2:18 of 2nd period - Shot by Vincent Trocheck. 2:18 of 2nd period - Goal by Vincent Trocheck - BOISE CARIBOUS : 3 - SALEM BLACK JAYS : 0. 2:19 of 2nd period - Dylan Larkin wins face-off versus Jean-Gabriel Pageau in neutral zone. 2:42 of 2nd period - Icing by Rasmus Andersson. 2:43 of 2nd period - Mathew Barzal wins face-off versus Jean-Gabriel Pageau in BOISE CARIBOUS zone. 2:44 of 2nd period - Shot by Martin Necas. 2:44 of 2nd period - Shot Misses the Net. 2:46 of 2nd period - Shot by Cody Ceci. 2:46 of 2nd period - Shot Misses the Net. 2:56 of 2nd period - Shot by Barrett Hayton. 2:56 of 2nd period - Stopped by Ilya Sorokin without a rebound. 2:57 of 2nd period - Vincent Trocheck wins face-off versus Dylan Larkin in BOISE CARIBOUS zone. 3:13 of 2nd